 Dungeon Crawl Stone Soup version 0.28.0-43-g3370ac3207 (webtiles) character file.

Game seed: 12469168003820265325

285 demenzo the Skirmisher (level 6, -5/66 HPs)
             Began as an Ogre Cinder Acolyte on Mar 24, 2022.
             Was a High Priest of Ignis.
             Slain by a scorpion (7 damage)
             ... on level 2 of the Dungeon.
             The game lasted 00:04:51 (3202 turns).

demenzo the Skirmisher (Ogre Cinder Acolyte)        Turns: 3202, Time: 00:04:52

Health: -5/66      AC:  3    Str: 19    XL:     6   Next: 29%
Magic:  11/11      EV:  9    Int: 17    God:    Ignis [*****.]
Gold:   72         SH:  0    Dex:  4    Spells: 11/11 levels left

rFire   + . .      SeeInvis .   a - -1 spear (flame)
rCold   . . .      Faith    .   (no shield)
rNeg    . . .      Spirit   .   b - +0 robe
rPois   .          Reflect  .   (helmet restricted)
rElec   .          Harm     .   (no cloak)
rCorr   .          Rampage  .   (gloves unavailable)
Will    .....                   (boots unavailable)
Stlth   +.........              (no amulet)
HPRegen 0.21/turn               (no ring)
MPRegen 0.12/turn               (no ring)

@: mighty
A: large, unfitting armour, tough skin 1
a: Renounce Religion, Fiery Armour, Foxfire Swarm, Rising Flame


You were on level 2 of the Dungeon.
You worshipped Ignis.
Ignis was extremely pleased with you.
You visited 1 branch of the dungeon, and saw 4 of its levels.

You collected 72 gold pieces.

Inventory:

Hand Weapons
 a - a -1 spear of flaming (weapon)
Missiles
 c - 101 stones (quivered)
 d - 90 arrows
 j - 19 bolts
 o - 4 poisoned darts
 p - 43 sling bullets
Armour
 b - a +0 robe (worn)
Wands
 m - a wand of charming (3)
Scrolls
 e - 2 scrolls of identify {unknown}
 f - a scroll of silence {unknown}
 g - 3 scrolls of blinking {unknown}
 h - a scroll of amnesia {unknown}
 i - 2 scrolls of teleportation {unknown}
Potions
 k - a potion of berserk rage {unknown}
 l - a potion of might
 n - a potion of cancellation {unknown}
 q - a potion of lignification {unknown}
 r - a potion of flight {unknown}


   Skills:
 + Level 5.6 Fighting
 * Level 5.1 Polearms
 + Level 3.3 Spellcasting
 - Level 3.0 Fire Magic


You had 11 spell levels left.
You didn't know any spells.
Your spell library contained the following spells:

 Spells                   Type           Power      Damage    Failure   Level
 Scorch                   Fire           26%        2d6       8%          2
 Foxfire                  Conj/Fire      28%        2x1d5     9%          1
 Conjure Flame            Conj/Fire      7%         6-21      26%         3
 Inner Flame              Hex/Fire       7%         N/A       26%         3
 Ozocubu's Armour         Ice            2%         N/A       45%         3
 Flame Wave               Conj/Fire      7%         2d5       65%         4
 Metabolic Englaciation   Hex/Ice        1%         N/A       99%         5
 Simulacrum               Ice/Necr       1%         N/A       100%        6


Dungeon Overview and Level Annotations

Branches:
Dungeon (4/15)
 Temple: D:4-7

Altars:
Ru

Shops:
D:1 :


Innate Abilities, Weirdness & Mutations

You are too large for most types of armour.
You have tough skin. (AC +1)


Message History

The scorpion is lightly wounded.
You feel very sick. The scorpion completely misses you.
You are too injured to fight recklessly!
You are too injured to fight recklessly!
You are too injured to fight recklessly!
You barely miss the scorpion.
You punch the scorpion, but do no damage.
The scorpion is lightly wounded.
You feel sick. The scorpion barely misses you.
You hit the scorpion but do no damage.
The scorpion is lightly wounded.
You feel sick. The scorpion stings you.
You hit the scorpion but do no damage.
The scorpion is lightly wounded.
You feel sick. The scorpion stings you.
You closely miss the scorpion.
The scorpion is lightly wounded.
You feel sick. The scorpion completely misses you.
You closely miss the scorpion.
The scorpion is lightly wounded.
You feel sick. The scorpion stings you.
* * * LOW HITPOINT WARNING * * *
Unknown command.
You hit the scorpion but do no damage.
The scorpion is lightly wounded.
You feel sick. The scorpion stings you.
* * * LOW HITPOINT WARNING * * *
You hit the scorpion but do no damage.
The scorpion is lightly wounded.
You feel sick. The scorpion stings you.
* * * LOW HITPOINT WARNING * * *
Unknown command.
Unknown command.
It was a potion of might.
You feel very mighty all of a sudden.
You feel sick.
You are no longer poisoned.
The scorpion stings you!
You die...

### #.# ################.#
...............#.#
.############..#.#
†..........##..#.#
.).....###.##..#.#
.#.....###.##..#[#
................@#
.#.....###.##..#s# .#.....#
#.##..#.# .#.....# #.##..#.#
.#####.###.##..#.#
.#.........##..#.############
.#.#.#.###.##..#<...........#
.#.#.#.........#.############
.#.#.#.##..##.........#


You could see a scorpion.

Vanquished Creatures
  Sigmund (D:2)
  A hound skeleton (D:4)
  Robin (D:2)
  A gnoll (D:1)
  2 adders (D:3)
  3 dart slugs
  5 orcs
  2 endoplasms (D:3)
  2 giant cockroaches
  11 goblins
  5 hobgoblins
  10 jackals (D:1)
  3 quokkas
  5 ball pythons
  7 bats
  4 frilled lizards
  6 kobolds
  3 rats
72 creatures vanquished.

Notes
Turn   | Place    | Note
-------+----------+-------------------------------------------
     0 | D:1      | demenzo the Ogre Cinder Acolyte began the quest for the
                  | Orb.
     0 | D:1      | Reached XP level 1. HP: 24/24 MP: 2/2
     7 | D:1      | Found Faunog's Book Boutique.
   157 | D:1      | Reached XP level 2. HP: 25/32 MP: 4/4
   487 | D:1      | Reached XP level 3. HP: 37/39 MP: 5/5
  1221 | D:2      | Noticed Robin
  1292 | D:1      | Reached XP level 4. HP: 40/49 MP: 7/7
  1353 | D:2      | Killed Robin
  1436 | D:2      | Found a faded altar of an unknown god.
  1503 | D:2      | Noticed Sigmund
  1528 | D:2      | Killed Sigmund
  1529 | D:2      | Reached skill level 5 in Fighting
  1529 | D:2      | Reached XP level 5. HP: 38/57 MP: 7/9
  1642 | D:2      | Reached XP level 6. HP: 62/66 MP: 10/10
  2308 | D:3      | Found a sacrificial altar of Ru.
  2327 | D:3      | Reached skill level 5 in Polearms
  3201 | D:2      | HP: 3/66 [scorpion (6)]
  3202 | D:2      | Slain by a scorpion

Illustrated notes

Levels and vault maps discovered:
D:1:      heliophobic_arrival_ceremonial_halls, layout_rooms, serial_shops, shop
D:2:      layout_basic, hellmonk_ecumenical_altar_pennies_from_heaven,
          minmay_misc_feat_rows, kennysheep_generic_room_12, uniq_robin,
          uniq_sigmund
D:3:      layout_rooms, hangedman_ru_absence, grunt_decor_cap,
          lightli_corner_chamber
D:4:      layout_loops_ring

Skill      XL: |  1  2  3  4  5  6 |
---------------+-------------------+-----
Fire Magic     | 3 |  3.0
Spellcasting   | 2 3 |  3.3
Polearms       | 4 5 |  5.1
Fighting       | 5 |  5.6

Action                   |  1- 3 |  4- 6 || total
-------------------------+-------+-------++-------
Melee: Spear             |   132 |   149 ||   281
       Punch             |     1 |     3 ||     4
Invok: Fiery Armour      |       |     1 ||     1
  Use: Potion            |       |     1 ||     1
Armor: Robe              |    38 |    30 ||    68
Dodge: Dodged            |    62 |    39 ||   101
